 Dungeon Crawl Stone Soup version 0.22-a0-367-gb72a975 (webtiles) character file.

3150 Amnesiac the Conjurer (level 9, -5/68 HPs)
             Began as a Mummy Wizard on Apr 22, 2018.
             Was a Believer of Sif Muna.
             Slain by a spiny frog (20 damage)
             ... on level 1 of the Lair of Beasts.
             The game lasted 00:15:06 (9012 turns).

Amnesiac the Conjurer (Mummy Wizard)                Turns: 9012, Time: 00:15:06

Health: -5/68      AC:  5    Str: 10    XL:     9   Next: 62%
Magic:  5/19       EV: 15    Int: 21    God:    Sif Muna [**....]
Gold:   398        SH:  0    Dex: 10    Spells: 14/22 levels left

rFire    x . .     SeeInvis .   a - +2 hunting sling (freeze)
rCold    + . .     Gourm    .   (no shield)
rNeg     + + +     Faith    +   m - +1 robe {Archmagi}
rPois    ∞         Spirit   .   e - +0 helmet
rElec    .         Reflect  .   r - +0 cloak
rCorr    .         Harm     .   (no gloves)
MR       +....                  (no boots)
Stlth    ++........             s - amulet of faith
HPRegen  0.21/turn              (no ring)
MPRegen  0.16/turn              (no ring)

@: divine energy
A: no food or potions, fire vulnerability, cold resistance 1, negative energy
resistance 3, torment resistance, unbreathing
a: Stop Divine Energy, Renounce Religion


You were on level 1 of the Lair of Beasts.
You worshipped Sif Muna.
Sif Muna was pleased with you.
You were not hungry.

You visited 3 branches of the dungeon, and saw 11 of its levels.

You collected 398 gold pieces.

Inventory:

Hand Weapons
 a - a +2 hunting sling of freezing (weapon)
 k - a +0 blowgun
 u - a +2 quarterstaff of draining
Missiles
 q - 77 poisoned needles
 w - 245 stones (quivered)
 x - 19 sling bullets
Armour
 e - a +0 helmet (worn)
 m - a +1 robe of the Archmagi (worn)
 r - a +0 cloak (worn)
Magical Staves
 b - an uncursed staff of wizardry
Jewellery
 l - an uncursed amulet of guardian spirit {unknown}
 s - an amulet of faith (around neck)
 t - an uncursed amulet of the gourmand {unknown}
Wands
 c - a wand of polymorph (37)
 d - a wand of flame (48)
 h - a wand of iceblast (13)
Scrolls
 f - 6 scrolls of teleportation {!r}
 g - a scroll of identify {!r}
 i - 2 scrolls of blinking {!r}
 j - 3 scrolls of amnesia {!r}
 n - 3 scrolls of remove curse {!r}
 p - a scroll of magic mapping {!r, unknown}
 y - a scroll of enchant armour {!r}


   Skills:
 - Level 5.2 Fighting
 - Level 6.7 Dodging
 - Level 1.5 Stealth
 + Level 7.0 Spellcasting
 * Level 7.0 Conjurations
 - Level 0.7 Summonings
   Level 0.7 Translocations


You had 14 spell levels left.
You knew the following spells:

 Your Spells              Type           Power        Failure   Level  Hunger
b - Call Imp              Summ           ###.....     10%         2    N/A
e - Mephitic Cloud        Conj/Pois/Air  ####....     10%         3    N/A
s - Conjure Flame         Conj/Fire      ####....     6%          3    N/A

Dungeon Overview and Level Annotations

Branches:
Dungeon (9/15)             Temple (1/1) D:7            Lair (1/6) D:8
    Orc: D:9-12

Altars:
Ashenzari
Cheibriados
Dithmenos
Elyvilon
Fedhas
Gozag
Hepliaklqana
Makhleb
Nemelex Xobeh
Okawaru
Qazlal
Ru
Sif Muna
Trog
Uskayaw
Vehumet
Wu Jian
Xom
Yredelemnul
Zin
The Shining One
Beogh

Shops:
D:5 [


Innate Abilities, Weirdness & Mutations

You do not eat or drink.
Your flesh is vulnerable to fire.
You are immune to poison.
Your flesh is cold resistant. (rC+)
You are immune to negative energy. (rN+++)
You are immune to unholy pain and torment.
You can survive without breathing.


Message History

The black mamba misses you.
Found a scroll of identify.
A spiny frog comes into view.
The black mamba bites you but does no damage.
Really read
o - 2 scrolls of fear {!r}?
As you read the scroll of fear {!r}, it crumbles to dust.
You assume a fearsome visage.
Your crimson imp is unaffected.
Your white imp is unaffected.
The spiny frog looks frightened!
The black mamba looks frightened!
Your crimson imp blinks!
Your white imp gestures at the black mamba.
The puff of frost hits the black mamba.
Your white imp's attack snaps the black mamba out of its fear.
Evoke which item? (* to show all) (? for menu, Esc to quit)
Okay, then.
Really read
o - a scroll of fear {!r}?
As you read the scroll of fear {!r}, it crumbles to dust.
You assume a fearsome visage.
Your crimson imp is unaffected.
The black mamba looks frightened!
You see here a stone.
w - 248 stones (gained 4)
Your crimson imp blinks!
Your crimson imp disappears in a puff of smoke!
Casting: Call Imp (safe; 10% risk of failure)
Confirm with . or Enter, or press ? or * to list all spells.
Aiming: Conjure Flame (safe; 6% risk of failure)
Press: ? - help, Dir - move target cursor You feel a surge of power!
The fire ignites!
Your magical contamination has completely faded away.
Casting: Conjure Flame (safe; 6% risk of failure)
Confirm with . or Enter, or press ? or * to list all spells.
Aiming: Conjure Flame (safe; 6% risk of failure)
Press: ? - help, Dir - move target cursor You feel a surge of power!
The fire ignites!
The spiny frog is engulfed in blazing flames.
Casting: Conjure Flame (safe; 6% risk of failure)
Confirm with . or Enter, or press ? or * to list all spells.
Aiming: Conjure Flame (safe; 6% risk of failure)
Press: ? - help, Dir - move target cursor You feel a surge of power!
The fire ignites!
Firing (i - inventory. (/) - cycle)
w - 248 stones (quivered)
Press: ? - help, Shift-Dir - straight line, f - spiny frog
Aim: a spiny frog (moderately wounded)
You shoot a stone.
The stone hits the spiny frog but does no damage.
The spiny frog is moderately wounded.
You are too injured to fight recklessly!
You are too injured to fight recklessly!
Firing (i - inventory. (/) - cycle)
w - 247 stones (quivered)
Press: ? - help, Shift-Dir - straight line, f/p - spiny frog
Aim: a spiny frog (moderately wounded)
You shoot a stone.
The stone hits the spiny frog but does no damage.
The spiny frog is moderately wounded.
Firing (i - inventory. (/) - cycle)
w - 246 stones (quivered)
Press: ? - help, Shift-Dir - straight line, f/p - spiny frog
Aim: a spiny frog (flame, moderately wounded)
You shoot a stone. The stone hits the spiny frog.
The stone freezes the spiny frog.
The spiny frog is moderately wounded.
The spiny frog is engulfed in blazing flames. x2
The spiny frog stings you!!
You die...

#.# #..>.5#...... #.##
###.###.#...... #..
####...##P..(..... #.##
#.§...5P##(P...... ##..#
#.####§....(..(... #..#
#(# ##.#†.#....## ##.##
#§# ####........ #.#.###
#F### #..####.. #.###..#
###@P.######.#.# ## ##.#
#.†####................
#.##
###........P##.###.P####
##.## ##.#......### #
..# #..###..#.######
#.#.#.##..# #.##.####.#
##.##.# ..#
##...#.####.#


You could see a spiny frog.

Vanquished Creatures
  A two-headed ogre (D:8)
  A water moccasin (Lair:1)
  3 orc warriors (D:5)
  A necrophage (D:5)
  2 ice beasts
  An ogre (D:7)
  A black bear (Lair:1)
  3 centaurs (D:7)
  A big kobold (D:7)
  2 bullfrogs
  3 scorpions
  4 wights (D:6)
  A howler monkey (D:5)
  A bullfrog zombie (D:8)
  2 crimson imps
  A quasit (D:8)
  4 jellies
  3 bullfrog skeletons
  5 orc wizards
  2 orc priests
  Crazy Yiuf (D:5)
  2 iguanas
  4 worker ants
  A hound zombie (D:6)
  2 worker ant zombies
  2 gnolls
  9 adders
  2 shadow imps
  9 oozes
  An adder skeleton (D:4)
  A worm (D:3)
  A dart slug (D:1)
  3 leopard geckos
  39 orcs
  3 giant cockroaches
  5 goblins
  5 hobgoblins
  14 jackals
  3 quokkas
  4 ball pythons
  11 bats
  5 frilled lizards
  15 kobolds
  A quokka skeleton (D:6)
  7 rats
  2 fungi
194 creatures vanquished.

Vanquished Creatures (collateral kills)
  An ogre (D:5)
  An orc wizard (D:5)
  A gnoll (D:3)
  A shadow imp (D:5)
  An orc (D:5)
  4 kobolds (D:2)
9 creatures vanquished.

Vanquished Creatures (others)
  3 fungi (D:2)
  8 toadstools (D:2)
11 creatures vanquished.

Grand Total: 214 creatures vanquished

Notes
Turn   | Place    | Note
-------+----------+-------------------------------------------
     0 | D:1      | Amnesiac the Mummy Wizard began the quest for the Orb.
     0 | D:1      | Reached XP level 1. HP: 13/13 MP: 5/5
    77 | D:2      | Found a faded altar of an unknown god.
   172 | D:2      | Reached skill level 1 in Fighting
   172 | D:2      | Reached XP level 2. HP: 21/21 MP: 1/7
   176 | D:2      | Learned a level 2 spell: Call Imp
   671 | D:2      | Found a bloodstained altar of Trog.
   796 | D:2      | Reached XP level 3. HP: 23/26 MP: 8/8
   801 | D:2      | Learned a level 3 spell: Conjure Flame
   805 | D:2      | Learned a level 3 spell: Mephitic Cloud
   882 | D:3      | Reached skill level 1 in Conjurations
   886 | D:3      | Reached XP level 4. HP: 16/33 MP: 0/10
  1115 | D:4      | Found an iron altar of Okawaru.
  1297 | D:4      | Reached XP level 5. HP: 22/39 MP: 8/11
  1448 | D:4      | Found a glowing golden altar of the Shining One.
  2107 | D:5      | Entered Level 5 of the Dungeon
  2247 | D:5      | Found a runed door.
  2261 | D:5      | Reached XP level 6. HP: 46/46 MP: 12/12
  2533 | D:5      | Found Erhop's Armour Emporium.
  2903 | D:5      | Reached XP level 7. HP: 50/52 MP: 13/13
  2963 | D:5      | Reached skill level 5 in Dodging
  3107 | D:5      | Found a runed door.
  3111 | D:5      | Noticed Crazy Yiuf
  3119 | D:5      | Killed Crazy Yiuf
  3744 | D:6      | Reached XP level 8. HP: 61/61 MP: 14/14
  3983 | D:7      | Found a radiant altar of Vehumet.
  4273 | D:7      | Reached skill level 5 in Fighting
  4408 | D:7      | Found a staircase to the Ecumenical Temple.
  4417 | Temple   | Entered the Ecumenical Temple
  4936 | Temple   | Became a worshipper of Sif Muna the Loreminder
  6870 | D:5      | Reached * piety under Sif Muna
  7167 | D:5      | Reached skill level 5 in Spellcasting
  7167 | D:5      | Reached skill level 5 in Conjurations
  7473 | D:5      | Reached XP level 9. HP: 60/68 MP: 10/16
  7496 | D:5      | Found a roughly hewn altar of Beogh.
  8014 | D:8      | Found a stormy altar of Qazlal.
  8109 | D:8      | Reached ** piety under Sif Muna
  8184 | D:8      | Found a staircase to the Lair.
  8289 | D:8      | Found an opulent altar of Gozag.
  8684 | D:8      | Noticed a two-headed ogre
  8695 | D:8      | Killed a two-headed ogre
  8797 | D:9      | Noticed a two-headed ogre
  8863 | Lair:1   | Entered Level 1 of the Lair of Beasts
  8972 | Lair:1   | Noticed a black mamba
  8986 | Lair:1   | Noticed a spiny frog
  9012 | Lair:1   | Slain by a spiny frog

Vault maps used:
D:1:      evilmike_arrival_plus
D:2:      cheibrodos_fertilizer, bloody_trog, chequers_ecumenical_altar_twisty,
          minmay_misc_feat_rows
D:4:      lemuel_round_altar, lemuel_crystal_altar, serial_bayou,
          serial_bayou_ford_a, serial_bayou_pond_e, serial_bayou_crossing,
          serial_bayou_pond_b
D:5:      serial_shops, kennysheep_mini_moat, first_ration,
          lightli_church_of_beogh, uniq_crazy_yiuf_cottage
D:7:      lemuel_doored_altar, minmay_temple_entry_statues_fountains
D:8:      kennysheep_mini, lair_entry_dummy, basic_altar
D:9:      lemuel_mausoleum_altar_kikubaaqudgha
Temple:   regret_index_temple_sphere_string
Lair:1:   uniq_nergalle, uniq_fannar

Skill      XL: |  1  2  3  4  5  6  7  8  9 |
---------------+----------------------------+-----
Fighting       | 1 2 3 4 5 |  5.2
Dodging        | 2 3 4 5 6 |  6.7
Conjurations   | 1 2 3 5 7 |  7.0
Spellcasting   | 5 7 |  7.0
Stealth        | |  1.5
Summonings     | |  0.7
Translocations | |  0.7

Action                   |  1- 3 |  4- 6 |  7- 9 || total
-------------------------+-------+-------+-------++-------
Melee: Dagger            |    54 |   118 |     3 ||   175
       Unarmed           |     6 |       |       ||     6
       Staff             |       |     6 |     7 ||    13
       Quarterstaff      |       |    28 |   430 ||   458
 Fire: Hunting sling     |       |       |    31 ||    31
 Cast: Magic Dart        |    25 |     7 |       ||    32
       Call Imp          |     3 |     6 |     4 ||    13
       Mephitic Cloud    |     1 |     8 |    18 ||    27
       Conjure Flame     |       |     5 |     7 ||    12
Invok: Divine Energy     |       |       |     1 ||     1
  Use: Scroll            |       |       |    15 ||    15
 Stab: Confused          |     1 |     2 |     6 ||     9
       Sleeping          |     1 |       |     7 ||     8
Armor: Robe              |    20 |    21 |   110 ||   151
Dodge: Dodged            |    36 |   107 |   342 ||   485

Table legend:
 A = Spawn XP
 B = Non-spawn XP
 C = Spawn XP percentage of total XP
 D = Spawn monster count
 E = Non-spawn monster count
 F = Spawn count percentage of total count
 G = Total turns spent on level
                    A         B        C        D         E        F      G
               +---------+---------+-------+---------+---------+-------+---------
         Total |       0 |    4500 |   0.0 |       0 |     201 |   0.0 |  9012
               +---------+---------+-------+---------+---------+-------+---------
           D:1 |       0 |      42 |   0.0 |       0 |      26 |   0.0 |   560
           D:2 |       0 |     207 |   0.0 |       0 |      40 |   0.0 |  1593
           D:3 |       0 |     134 |   0.0 |       0 |      20 |   0.0 |   575
           D:4 |       0 |     209 |   0.0 |       0 |      22 |   0.0 |  1613
           D:5 |       0 |    1213 |   0.0 |       0 |      39 |   0.0 |  1491
           D:6 |       0 |     614 |   0.0 |       0 |      14 |   0.0 |   908
           D:7 |       0 |     687 |   0.0 |       0 |      21 |   0.0 |  1024
           D:8 |       0 |    1037 |   0.0 |       0 |      16 |   0.0 |   904
        Lair:1 |       0 |     357 |   0.0 |       0 |       3 |   0.0 |   149
               +---------+---------+-------+---------+---------+-------+---------
